 Dungeon Crawl Stone Soup version 0.17-a0-1011-gfa70bdd (webtiles) character file.

159 nubinia the Caller (level 5, -2/28 HPs)
             Began as a Tengu Summoner on May 13, 2015.
             Killed from afar by an orc wizard (7 damage)
             ... with a puff of flame
             ... on level 4 of the Dungeon.
             The game lasted 00:22:19 (4506 turns).

nubinia the Caller (Tengu Summoner)                 Turns: 4506, Time: 00:22:20

Health: -2/28      AC:  3    Str:  8      XL:     5   Next: 40%
Magic:  3/10       EV: 12    Int: 17      God:
Gold:   160        SH:  0    Dex: 13 (14) Spells: 4 memorised, 1 level left

rFire  . . .     SeeInvis .     o - +0 spear
rCold  . . .     Clarity  .     a - +1 robe
rNeg   . . .     SustAb   .     (no shield)
rPois  .         Gourm    .     (helmet restricted)
rElec  .         Spirit   .     (no cloak)
rCorr  .         Warding  .     (no gloves)
rMut   .         Stasis   .     (boots unavailable)
MR     +....                    (no amulet)
Stlth  ++........               t - ring of protection from magic
                                p - ring of wizardry

@: very slightly contaminated, drained, somewhat resistant to hostile
enchantments, unstealthy
A: beak, talons 3, able to fly 1
a: Fly


You were on level 4 of the Dungeon.
You were not hungry.

You visited 1 branch of the dungeon, and saw 4 of its levels.

You collected 160 gold pieces.

Inventory:

Hand weapons
 o - a +0 spear (weapon)
 q - a +0 dagger of draining
Armour
 a - a +1 robe (worn)
Jewellery
 p - a ring of wizardry (left hand)
 t - a ring of protection from magic (right hand)
Scrolls
 h - 3 scrolls of teleportation
 i - a scroll of enchant weapon
 k - a scroll of amnesia
 m - a scroll of enchant armour
 r - 2 scrolls of fog
 s - a scroll of identify
Potions
 e - a potion of might
 l - a potion of heal wounds
 n - a potion of poison
Books
 b - a book of Callings

   Spells                             Type                      Level
   a - Summon Small Mammal            Summoning                    1
   b - Call Imp                       Summoning                    2
   c - Call Canine Familiar           Summoning                    3
   d - Summon Guardian Golem          Hexes/Summoning              3
   e - Summon Lightning Spire         Summoning/Air                4
   f - Summon Ice Beast               Ice/Summoning                4
Comestibles
 c - 3 bread rations
 d - 3 meat rations
 f - 2 slices of pizza
 g - 3 fruits
 j - a beef jerky
 u - a chunk of flesh


   Skills:
 + Level 0.4(0.0) Polearms
 + Level 2.9(2.4) Dodging
 + Level 2.4(1.9) Stealth
 + Level 0.4(0.0) Unarmed Combat
 + Level 3.3(2.7) Spellcasting
 + Level 6.2(5.7) Summonings


You had one spell level left.
You knew the following spells:

 Your Spells              Type           Power        Failure   Level  Hunger
a - Summon Small Mammal   Summ           ###.         1%          1    #......
b - Call Imp              Summ           ###.....     1%          2    ##.....
c - Call Canine Familiar  Summ           ###.....     3%          3    ###....
d - Summon Guardian Gole  Hex/Summ       ##......     7%          3    ###....


Dungeon Overview and Level Annotations

Branches:
Dungeon (4/15)
 Temple: D:4-7

Altars:
Dithmenos
Okawaru
Ru
Vehumet
Xom


Innate Abilities, Weirdness & Mutations

You have a beak for a mouth.
You have claws for feet.
You can fly.


Message History

The orc wizard hits your hound with a dagger.
Your crimson imp blinks!
Your hound closely misses the orc wizard.
The orc misses your hound. The orc wizard casts a spell at you.
The puff of flame hits your hound.
Your hound dies!
Your hound's corpse disappears in a puff of smoke!
Your crimson imp blinks!
The orc wizard casts a spell at you. The puff of flame hits you!
* * * LOW HITPOINT WARNING * * *
Your crimson imp hits the orc wizard but does no damage.
The orc wizard gestures at you while chanting.
The magic dart hits you!
* * * LOW HITPOINT WARNING * * *
Your crimson imp hits the orc wizard but does no damage.
The orc wizard casts a spell at you. The puff of flame hits you!
You die...

####)#### ###### #...))..#
# #.##.##.# # #..o.5..#
#...o...##
########..#.#...#######
#.....................#
#.##............#####.#
#.##.##.#@#....######.####
#.##.##.#.....##.........#
#.##.##.###.####.##.#.[#.#
#.<.....#..)..# #.......#
#...).###.....## #......>#
#.#...# #.....##.#..##...#
#.#...# #.....##.........#
#.#...# #.....####.......#
#.....######### #.##.#.##


You could see an orc wizard, an orc and a friendly crimson imp.

Vanquished Creatures
  An orc wizard (D:4)
  An adder (D:2)
  An orc (D:4)
  6 bats
  A giant cockroach (D:3)
  3 hobgoblins
  4 kobolds
  3 giant newts
  6 goblins
  3 rats
29 creatures vanquished.

Vanquished Creatures (collateral kills)
  An ogre (D:4)
  2 slaves
  A worker ant (D:4)
  3 adders
  2 giant geckos
  2 orcs
  7 bats
  A bat skeleton (D:4)
  8 hobgoblins
  A quokka (D:3)
  A giant newt (D:2)
  4 goblins
  7 kobolds
  3 rats
43 creatures vanquished.

Vanquished Creatures (others)
  7 hounds
  A crimson imp (D:4)
  2 quokkas (D:1)
  4 rats (D:1)
14 creatures vanquished.

Grand Total: 86 creatures vanquished

Notes
Turn   | Place    | Note
--------------------------------------------------------------
     0 | D:1      | nubinia the Tengu Summoner began the quest for the Orb.
     0 | D:1      | Reached XP level 1. HP: 10/10 MP: 4/4
    91 | D:1      | Reached skill level 5 in Summonings
   189 | D:1      | Reached XP level 2. HP: 7/15 MP: 0/6
   196 | D:1      | Learned a level 2 spell: Call Imp
  1259 | D:1      | Reached XP level 3. HP: 19/19 MP: 3/7
  1264 | D:1      | Learned a level 3 spell: Call Canine Familiar
  1400 | D:2      | Found a radiant altar of Vehumet.
  2347 | D:2      | Found a shadowy altar of Dithmenos.
  3381 | D:3      | Found a sacrificial altar of Ru.
  3381 | D:3      | Found a shimmering altar of Xom.
  3382 | D:3      | Found an iron altar of Okawaru.
  3486 | D:3      | Reached XP level 4. HP: 22/24 MP: 6/9
  3846 | D:4      | Noticed a slave
  3923 | D:4      | Noticed an ogre
  3941 | D:4      | Killed an ogre
  4114 | D:4      | Learned a level 3 spell: Summon Guardian Golem
  4144 | D:4      | Gained mutation: You can fly. [Tengu growth]
  4144 | D:4      | Reached XP level 5. HP: 28/28 MP: 7/10
  4147 | D:4      | Reached skill level 6 in Summonings
  4224 | D:4      | Noticed a slave
  4225 | D:4      | Noticed a slave
  4225 | D:4      | Noticed a slave
  4261 | D:3      | Killed a slave
  4375 | D:4      | Killed a slave
  4506 | D:4      | Killed from afar by an orc wizard

Vault maps used:
D:1:      dpeg_arrival_leaves_temple_mockup, st_stairs_8
D:2:      nicolae_dithmenos_through_a_glass_darkly, vehumet_crystals,
          first_bread
D:3:      gammafunk_temple_overflow_forgotten
D:4:      grunt_qazlal_clouds, uniq_pikel, uniq_edmund

Action                   |  1- 3 |  4- 6 || total
-------------------------+-------+-------++-------
Melee: Unarmed           |   108 |       ||   108
       Spear             |     8 |    50 ||    58
 Cast: Summon Small Mamm |    50 |       ||    50
       Call Canine Famil |    18 |    17 ||    35
       Call Imp          |       |     5 ||     5
  Use: Scroll            |     9 |     2 ||    11
       Potion            |     5 |     1 ||     6
 Stab: Sleeping          |     1 |     1 ||     2
       Distracted        |     1 |     2 ||     3
  Eat: Chunk             |    10 |     6 ||    16
